 Dungeon Crawl Stone Soup version 0.32-a0-314-g526f7d4993 (webtiles) character file.

Game seed: 12930021048789936541

16721 Atlas the Arsonist (level 12, -7/80 HPs)
             Began as a Demonspawn Fire Elementalist on Feb 16, 2024.
             Was a Priest of Vehumet.
             Mangled by a skeletal warrior
             ... wielding a +0 scimitar
              (11 damage)
             ... on level 11 of the Dungeon.
             The game lasted 00:23:08 (17816 turns).

Atlas the Arsonist (Demonspawn Fire Elementalist)  Turns: 17816, Time: 00:23:09

Health: -7/80      AC:  6    Str: 12    XL:     12   Next: 12%
Magic:  12/27      EV: 14    Int: 20    God:    Vehumet [***...]
Gold:   745        SH:  0    Dex: 22    Spells: 21/33 levels left

rFire   . . .        c - +11 dagger of Karma {flame, Str+3 Dex+4}
rCold   . . .        j - orb {light}
rNeg    . . .        E - +1 steam dragon scales
rPois   .            (no helmet)
rElec   .            (cloak unavailable)
rCorr   .            (no gloves)
SInv    .            (no boots)
Will    .....        l - amulet of the acrobat
Stlth   ++           (no ring)
HPRegen 0.33/turn    (no ring)
MPRegen 0.20/turn

%: acrobat
@: glowing, studying Armour
A: thin skeletal structure 2, powered by death 1, demonic magic 1, weakness
stinger 3
a: Renounce Religion


You were on level 11 of the Dungeon.
You worshipped Vehumet.
Vehumet was most pleased with you.
You visited 1 branch of the dungeon, and saw 12 of its levels.
You also visited: Ossuary and Bailey.

You collected 784 gold pieces.
You spent 39 gold pieces at shops.

Inventory:

Hand Weapons
 c - the +11 dagger of Karma (weapon) {flame, Str+3 Dex+4}
   (You found it on level 2 of the Dungeon)

   Str+3:     It affects your strength (+3).
   Dex+4:     It affects your dexterity (+4).
Armour
 h - a +0 cloak
 j - an orb of light (worn)
 z - a +1 leather armour of positive energy
 E - +1 steam dragon scales (worn)
Jewellery
 l - an amulet of the acrobat (around neck)
Wands
 e - a wand of mindburst (3)
 k - a wand of flame (30)
 q - a wand of polymorph (10)
 H - a wand of roots (7)
Scrolls
 f - a scroll of brand weapon
 g - a scroll of torment
 m - 2 scrolls of fear
 n - a scroll of amnesia
 o - 3 scrolls of enchant weapon
 p - 5 scrolls of teleportation
 s - 5 scrolls of enchant armour
 u - 3 scrolls of noise
 w - 3 scrolls of poison
 x - 4 scrolls of immolation {unknown}
 y - a scroll of summoning {unknown}
 D - a scroll of acquirement {unknown}
 G - 2 scrolls of vulnerability {unknown}
 I - a scroll of silence {unknown}
 J - a scroll of fog
Potions
 a - a potion of curing
 b - a potion of magic
 d - 3 potions of might {unknown}
 i - 7 potions of heal wounds {unknown}
 r - 4 potions of mutation
 t - 3 potions of haste {unknown}
 v - 2 potions of brilliance {unknown}
 A - 2 potions of attraction {unknown}
 B - a potion of ambrosia {unknown}
 C - 3 potions of enlightenment {unknown}
 F - a potion of invisibility {unknown}


   Skills:
 + Level 2.9 Fighting
 + Level 2.9 Short Blades
 + Level 3.4 Armour
 + Level 3.2 Dodging
 - Level 2.0 Stealth
 + Level 0.1 Unarmed Combat
 + Level 11.4 Spellcasting
 + Level 7.5 Conjurations
 + Level 11.5 Fire Magic


You had 21 spell levels left.
You knew the following spells:

 Your Spells              Type           Power      Damage    Failure   Level
a - Scorch                Fire           100%       2d9       1%          2
b - Foxfire               Conj/Fire      100%       2x1d9     1%          1
c - Flame Wave            Conj/Fire      49%        2d12      1%          4
d - Fireball              Conj/Fire      24%        3d11      1%          5

Your spell library contained the following spells:

 Spells                   Type           Power      Damage    Failure   Level
 Ignite Poison            Fire/Alch      34%        N/A       1%          4
 Magic Dart               Conj           100%       1d8       1%          1
 Momentum Strike          Conj/Tloc      52%        3d9       1%          2
 Inner Flame              Hex/Fire       34%        N/A       1%          3
 Volatile Blastmotes      Fire/Tloc      68%        2d15      1%          3
 Iskenderun's Battlesphe  Conj           41%        2d9       2%          5
 Brom's Barrelling Bould  Conj/Erth      26%        2d5       3%          4
 Starburst                Conj/Fire      24%        6d8       5%          6
 Blink                    Tloc           22%        N/A       9%          2
 Call Imp                 Summ           22%        N/A       9%          2
 Jinxbite                 Hex            22%        N/A       9%          2
 Lesser Beckoning         Tloc           22%        N/A       9%          2
 Arcjolt                  Conj/Air       13%        1d23      10%         5
 Plasma Beam              Fire/Air       17%        2x1d28    22%         6
 Yara's Violent Unravell  Hex/Alch       5%         3d4       38%         5
 Conjure Ball Lightning   Conj/Air       13%        3x3d6     43%         6
 Orb of Destruction       Conj           20%        9d8       50%         7
 Manifold Assault         Tloc           11%        N/A       52%         4
 Vhi's Electric Charge    Tloc/Air       22%        N/A       52%         4
 Dispersal                Tloc           5%         N/A       100%        6
 Enfeeble                 Hex            5%         N/A       100%        7
 Disjunction              Tloc           5%         N/A       100%        8


Dungeon Overview and Level Annotations

Branches:
Dungeon (12/15)            Temple (0/1) D:5            Lair (0/5) D:11
    Orc (0/2) D:11        Ossuary (visited)          Bailey (visited)

Altars:
Dithmenos
Fedhas
Gozag
Hepliaklqana
Makhleb
Okawaru
Qazlal
Sif Muna
Uskayaw
Vehumet
Wu Jian
Xom
Yredelemnul

Shops:
D:1 *   D:8 (

Portals:
Trove: D:11 (give 5 potions of resistance)

Annotations:
D:2 Natasha


Innate Abilities, Weirdness & Mutations

You have a moderately thin skeletal structure. (Dex +4, Stealth++)
You regenerate a little health from kills.
Spells you cast may paralyse adjacent enemies.
You have a sharp stinger which inflicts weakening toxins.


Message History

You start resting.
Magic restored.
You start resting.
HP restored.
You climb downwards.
The skeletal warrior hits you with a +0 scimitar. x2
There is a stone staircase leading up, spattered with blood here.
Unknown command.
The skeletal warrior hits you with a +0 scimitar!
You climb upwards.
There is a stone staircase leading down, spattered with blood here.
Casting: Fireball (dangerous; 1% risk of failure)
Confirm with . or Enter, or press ? or * to list all spells.
Aiming: Fireball (dangerous; 1% risk of failure)
Press: ? - help, Shift-Dir - straight line The fireball explodes!
The fireball engulfs the skeletal warrior!
The skeletal warrior is moderately damaged.
Malevolent energies surge around you.
The skeletal warrior hits you with a +0 scimitar!!
Casting: Fireball (dangerous; 1% risk of failure)
Confirm with . or Enter, or press ? or * to list all spells.
Aiming: Fireball (dangerous; 1% risk of failure)
Press: ? - help, Shift-Dir - straight line The fireball explodes!
The fireball engulfs the skeletal warrior but does no damage.
The skeletal warrior is moderately damaged.
Malevolent energies surge around you.
The skeletal warrior hits you with a +0 scimitar!!
* * * LOW HITPOINT WARNING * * *
Casting: Fireball (dangerous; 1% risk of failure)
Confirm with . or Enter, or press ? or * to list all spells.
Aiming: Fireball (dangerous; 1% risk of failure)
Press: ? - help, Shift-Dir - straight line The fireball explodes!
The fireball engulfs the skeletal warrior!
The skeletal warrior is heavily damaged.
Malevolent energies surge around you.
The skeletal warrior hits you with a +0 scimitar!
You die...

....#.###.....#..#.....#
..###...#.....#..#.....###
..#.....#######..#.......#
..#..............#.......#
###.........######.......#
............#............#
............#.........####
.####.....###...z.....#
.#..#.....+.....@.....#
....#.....#....)......######
P....######................#
PP...P.....................#
..P........................#
...........................#
'#..PP.....................#
.#..PP..........#####.######
.#..P..##.......# #.#


You could see a skeletal warrior.

Vanquished Creatures
  Josephine (D:10)
  A boulder beetle (D:12)
  3 two-headed ogres
  2 skeletal warriors
  Pikel (D:8)
  Maurice (D:10)
  An elephant (D:11)
  A cyclops (D:11)
  Joseph (D:10)
  A kobold demonologist (D:10)
  2 komodo dragons (D:11)
  A troll (D:11)
  A queen bee (D:10)
  Grinder (D:4)
  2 shadows (D:11)
  Sigmund (D:4)
  5 wraiths
  Eustachio (D:4)
  2 steam dragons
  A yak (D:11)
  An acid dragon (D:10)
  A water moccasin (D:8)
  Pargi (D:3)
  13 orc warriors
  3 ogres
  A black bear (D:5)
  2 ice beasts (D:6)
  A sky beast (D:7)
  12 centaurs
  3 kobold brigands
  2 weeping skulls (Ossuary)
  2 lemures (D:8)
  7 bullfrogs
  Blork the orc (D:6)
  2 scorpions
  2 elf skeletons (D:5)
  16 wights
  13 killer bees
  An electric eel (D:6)
  6 howler monkeys
  3 hounds
  A jelly (D:6)
  A gnoll bouda (D:7)
  4 human zombies
  10 orc priests
  Crazy Yiuf (D:2)
  3 iguanas
  A sleepcap (D:7)
  3 human skeletons (D:5)
  17 orc wizards
  4 mummies (Ossuary)
  14 gnolls
  6 adders
  2 shadow imps (D:6)
  2 white imps
  2 dart slugs (D:1)
  2 ribbon worms (D:2)
  63 orcs
  6 bats
  10 endoplasms
  5 giant cockroaches (D:1)
  A gnoll zombie (Ossuary)
  10 hobgoblins
  8 jackals (D:4)
  12 kobolds
  4 quokkas
  7 ball pythons
  5 frilled lizards
  19 goblins
  5 kobold zombies (Ossuary)
  An orc skeleton (D:5)
  3 orc zombies
  4 rats
359 creatures vanquished.

Vanquished Creatures (collateral kills)
  4 foxfires
4 creatures vanquished.

Vanquished Creatures (others)
  870 foxfires
870 creatures vanquished.

Grand Total: 1233 creatures vanquished

Notes
Turn   | Place    | Note
-------+----------+-------------------------------------------
     0 | D:1      | Atlas the Demonspawn Fire Elementalist began the quest for
                  | the Orb.
     0 | D:1      | Reached XP level 1. HP: 13/13 MP: 3/3
   113 | D:1      | Gained mutation: You have a somewhat thin skeletal
                  | structure. (Dex +2, Stealth+) [demonic ancestry]
   113 | D:1      | Reached XP level 2. HP: 19/19 MP: 1/5
   563 | D:1      | Gained mutation: Spells you cast may paralyse adjacent
                  | enemies. [demonic ancestry]
   563 | D:1      | Reached XP level 3. HP: 24/24 MP: 3/6
   566 | D:1      | Learned a level 2 spell: Scorch
  1475 | D:1      | Found Zezituju's General Store.
  1484 | D:1      | Bought a potion of curing for 39 gold pieces
  1623 | D:2      | Gained mutation: You regenerate a little health from kills.
                  | [demonic ancestry]
  1623 | D:2      | Reached XP level 4. HP: 30/30 MP: 2/7
  2478 | D:2      | Noticed Natasha
  2878 | D:2      | Gained mutation: You have a small tail. [demonic ancestry]
  2878 | D:2      | Reached XP level 5. HP: 35/35 MP: 2/9
  3002 | D:2      | Identified the +11 dagger of Karma {flame, Str+3 Dex+4}
  3132 | D:2      | Found a runed translucent door.
  3133 | D:2      | Noticed Crazy Yiuf
  3525 | D:2      | Killed Crazy Yiuf
  3656 | D:3      | Noticed Pargi
  3666 | D:3      | Killed Pargi
  3667 | D:3      | Reached skill level 1 in Armour
  3667 | D:3      | Gained mutation: You have a moderately thin skeletal
                  | structure. (Dex +4, Stealth++) [demonic ancestry]
  3667 | D:3      | Reached XP level 6. HP: 28/42 MP: 3/11
  4611 | D:3      | Found an ornate altar of the Wu Jian Council.
  4730 | D:3      | Reached skill level 5 in Fire Magic
  5270 | D:4      | Reached XP level 7. HP: 47/47 MP: 5/13
  5291 | D:4      | Found a hazy altar of Hepliaklqana.
  5781 | D:4      | Noticed Grinder
  5788 | D:4      | Killed Grinder
  5965 | D:4      | Noticed Eustachio
  5979 | D:4      | Killed Eustachio
  5980 | D:4      | Reached skill level 5 in Spellcasting
  6084 | D:4      | Found a shimmering blue altar of Sif Muna.
  6347 | D:4      | Noticed Sigmund
  6353 | D:4      | Killed Sigmund
  6354 | D:4      | Reached XP level 8. HP: 46/53 MP: 8/16
  6444 | D:5      | Entered Level 5 of the Dungeon
  6590 | D:5      | Found a staircase to the Ecumenical Temple.
  6618 | D:5      | Reached skill level 1 in Fighting
  6881 | D:5      | Reached skill level 1 in Short Blades
  6902 | D:5      | Found a sand-covered staircase.
  6907 | Ossuary  | Entered an ossuary
  7264 | Ossuary  | Gained mutation: You have a tail ending in a sharp stinger.
                  | [demonic ancestry]
  7264 | Ossuary  | Reached XP level 9. HP: 59/59 MP: 13/19
  8004 | D:5      | Found a blossoming altar of Fedhas.
  8398 | D:6      | Noticed Blork the orc
  8406 | D:6      | Killed Blork the orc
  8859 | D:6      | Learned a level 4 spell: Flame Wave
 10281 | D:7      | Found a radiant altar of Vehumet.
 10289 | D:7      | Became a worshipper of Vehumet
 10291 | D:7      | Found an iron altar of Okawaru.
 10294 | D:7      | Found an opulent altar of Gozag.
 10301 | D:7      | Found a hide-covered altar of Uskayaw.
 10745 | D:8      | Gained mutation: You have a sharp stinger which inflicts
                  | weakening toxins. [demonic ancestry]
 10745 | D:8      | Reached XP level 10. HP: 66/66 MP: 16/22
 10792 | D:8      | Found Wulicw's Antique Weapon Boutique.
 11075 | D:8      | Reached skill level 5 in Conjurations
 11141 | D:8      | Found a stormy altar of Qazlal.
 11445 | D:8      | Noticed Pikel
 11474 | D:8      | Killed Pikel
 11478 | D:8      | Reached * piety under Vehumet
 11478 | D:8      | Offered knowledge of Sandblast by Vehumet.
 11764 | D:9      | Found a shadowy altar of Dithmenos.
 11765 | D:9      | Found a burning altar of Makhleb.
 11999 | D:9      | Learned a level 5 spell: Fireball
 12093 | D:9      | Found a basalt altar of Yredelemnul.
 12584 | D:9      | Noticed a two-headed ogre
 12590 | D:9      | Killed a two-headed ogre
 12730 | D:10     | Entered Level 10 of the Dungeon
 12741 | D:10     | Noticed Josephine
 12752 | D:10     | Killed Josephine
 12915 | D:10     | Reached XP level 11. HP: 68/72 MP: 12/24
 13002 | D:10     | Noticed Joseph
 13013 | D:10     | Killed Joseph
 13014 | D:10     | Reached skill level 10 in Fire Magic
 13084 | D:10     | Noticed a two-headed ogre
 13089 | D:10     | Killed a two-headed ogre
 13090 | D:10     | Reached skill level 10 in Spellcasting
 13121 | D:10     | Found a flagged portal.
 13131 | Bailey   | Entered a bailey
 13148 | Bailey   | Reached ** piety under Vehumet
 13148 | Bailey   | Offered knowledge of Freeze by Vehumet.
 14144 | Bailey   | Identified the +7 triple sword "Ymmiuh" {vamp, rF+++ Str-4
                  | Int-5 Stlth+}
 15247 | D:10     | Offered knowledge of Hailstorm by Vehumet.
 15379 | D:10     | Reached *** piety under Vehumet
 15451 | D:10     | Noticed Maurice
 15461 | D:10     | Killed Maurice
 15704 | D:10     | Found a shimmering altar of Xom.
 16109 | D:11     | Found a staircase to the Orcish Mines.
 16131 | D:11     | Found a portal to a secret trove of treasure.
 16151 | D:11     | Offered knowledge of Ignite Poison by Vehumet.
 16644 | D:11     | Noticed a two-headed ogre
 16651 | D:11     | Killed a two-headed ogre
 16881 | D:11     | Found a staircase to the Lair.
 17243 | D:12     | Noticed a boulder beetle
 17256 | D:12     | Killed a boulder beetle
 17257 | D:12     | Reached XP level 12. HP: 46/80 MP: 22/27
 17815 | D:11     | HP: 4/80 [skeletal warrior/+0 scimitar (27)]
 17816 | D:11     | Mangled by a skeletal warrior

Illustrated notes

Levels and vault maps discovered:
D:1:      wander_arrival_desolate, layout_loops_corners, serial_shops, shop
D:2:      layout_basic, minmay_octomino_j4, uniq_crazy_yiuf_cottage,
          uniq_natasha
D:3:      layout_basic, mainiacjoe_overflow_catwalk, minmay_ogre_servants,
          uniq_pargi
D:4:      layout_basic, overflow_temple_1_default,
          nicolae_hepliaklqana_hazy_memory, kennysheep_another_room,
          uniq_grinder, uniq_sigmund, uniq_eustachio
D:5:      layout_basic, fedhas_ov_isle_minmay, minmay_temple_entry_slanted,
          nicolae_ossuary_entry_catacombs, kennysheep_flooded_box
D:6:      layout_gridville, serial_bayou, serial_bayou_pond_a,
          serial_bayou_pond_b, serial_bayou_shore_b, serial_bayou_crossing,
          uniq_blork_the_orc
D:7:      layout_gridville, nicolae_overflow_hallway_of_the_gods
D:8:      layout_basic, nicolae_qazlal_scattered_showers, serial_shops,
          nicolae_shop_tiny_waterfront, uniq_pikel
D:9:      layout_loops_corners, mainiacjoe_overflow_alcove_1,
          chequers_temple_overflow_statue_of_worship
D:10:     layout_roguey, lemuel_coloured_pillars_altar, enter_bailey_7,
          nicolae_looking_at_the_future, uniq_joseph, uniq_maurice,
          uniq_josephine
D:11:     layout_irregular_city, grunt_lair_entry_orc_guard_hut,
          nicolae_trove_entry_crossroad
D:12:     layout_loops_ring, minmay_joined_circles, uniq_nessos

Skill      XL: |  1  2  3  4  5  6  7  8  9 10 11 |
---------------+----------------------------------+-----
Fire Magic     | 3 4 5 6 8 9 11 | 11.5
Stealth        | 2 |  2.0
Dodging        | 2 3 |  3.2
Spellcasting   | 3 4 5 6 8 9 11 | 11.4
Armour         | 1 2 3 |  3.4
Conjurations   | 2 3 4 6 7 |  7.5
Fighting       | 1 2 |  2.9
Short Blades   | 2 |  2.9
Unarmed Combat | |  0.1

Action                     |  1- 3 |  4- 6 |  7- 9 | 10-12 || total
---------------------------+-------+-------+-------+-------++-------
  Melee: Unarmed           |    21 |     1 |       |       ||    22
         Dagger            |       |    18 |    55 |    62 ||   135
         Tailslap          |       |     2 |     8 |    12 ||    22
   Cast: Foxfire           |    50 |    63 |   167 |   378 ||   658
         Scorch            |    16 |    48 |    92 |   106 ||   262
         Flame Wave        |       |       |     2 |     9 ||    11
         Fireball          |       |       |       |    19 ||    19
    Use: Scroll            |       |     2 |       |     6 ||     8
         Potion            |       |       |       |     5 ||     5
   Stab: Paralysed         |       |     5 |    12 |    15 ||    32
         Sleeping          |       |     1 |     2 |       ||     3
 Armour: Robe              |    16 |       |       |       ||    16
         Leather armour    |     1 |    30 |    50 |       ||    81
         Steam dragon scal |       |       |     4 |   106 ||   110
  Dodge: Dodged            |    36 |    22 |    36 |   127 ||   221

Table legend: (Time is in decaauts)
 A = Elapsed time spent in this place.
 B = Non-inter-level travel time spent in this place.
 C = Inter-level travel time spent in this place.
 D = Time resting spent in this place.
 E = Time spent auto-exploring this place.
 F = Levels seen in this place.
 G = Mean time per level.
                   A        B        C        D        E       F      G
               +--------+--------+--------+--------+--------+-----+--------+
         Total |  17864 |  17357 |    507 |   1250 |  13290 |  14 | 1276.0 |
       Dungeon |  15502 |  14995 |    507 |    785 |  11928 |  12 | 1291.8 |
       Ossuary |    472 |    472 |      0 |      0 |    413 |   1 |  472.0 |
        Bailey |   1889 |   1889 |      0 |    465 |    949 |   1 | 1889.0 |
               +--------+--------+--------+--------+--------+-----+--------+

Top non-repeatable levels by time:
     D:1: 2045 daAuts
  Bailey: 1889 daAuts
    D:11: 1561 daAuts
     D:4: 1546 daAuts
     D:2: 1542 daAuts
     D:3: 1412 daAuts
     D:7: 1370 daAuts
     D:5: 1342 daAuts
    D:10: 1154 daAuts
     D:9: 1136 daAuts
     D:6: 1019 daAuts
     D:8: 964 daAuts
 Ossuary: 472 daAuts
    D:12: 406 daAuts
